 Dungeon Crawl Stone Soup version 0.30-a0-918-g0ff054e9dc (webtiles) character file.

Game seed: 4800000680635927516

3860 Demosthentine the Trooper (level 9, -1/70 (72) HPs)
             Began as a Demonspawn Gladiator on Mar 20, 2023.
             Was an Initiate of Hepliaklqana.
             Slain by a wight
             ... wielding a +4 long sword
              (13 damage)
             ... on level 8 of the Dungeon.
             The game lasted 00:08:23 (7252 turns).

Demosthentine the Trooper (Demonspawn Gladiator)    Turns: 7252, Time: 00:08:24

HP:   -1/70 (72)    AC:  4    Str: 16    XL:     9   Next: 99%
MP:   9/9           EV: 20    Int: 10    God:    Hepliaklqana [......]
Gold: 1287          SH:  8    Dex: 17    Spells: 8/8 levels left

rFire   . . .      SeeInvis .    a - +1 trident (drain)
rCold   . . .      Faith    .    (no shield)
rNeg    . . .      Spirit   .    b - +1 leather armour
rPois   .          Reflect  .    (helmet restricted)
rElec   .          Rampage  .    (no cloak)
rCorr   .                        (no gloves)
Will    +....                    (no boots)
Stlth   +                        (no amulet)
HPRegen 0.31/turn                f - ring of willpower
MPRegen 0.11/turn                g - +5 ring of evasion

@: about to teleport, lightly drained
A: horns 2, large bone plates 3, condensation shield, demonic magic 1
a: Renounce Religion


You were on level 8 of the Dungeon.
You worshipped Hepliaklqana.
Hepliaklqana was noncommittal.
You visited 2 branches of the dungeon, and saw 9 of its levels.

You collected 2229 gold pieces.
You spent 942 gold pieces at shops.

Inventory:

Hand Weapons
 a - a +1 trident of draining (weapon)
Missiles
 d - a throwing net (quivered)
 e - a javelin
Armour
 b - a +1 leather armour (worn)
Jewellery
 f - a ring of willpower (left hand)
 g - a +5 ring of evasion (right hand)
 v - a +6 ring of strength
 A - a ring of see invisible
Wands
 p - a wand of light (25)
 s - a wand of mindburst (16)
 x - a wand of paralysis (2)
Scrolls
 c - 2 scrolls of amnesia
 i - a scroll of enchant weapon
 k - a scroll of fog
 q - 3 scrolls of teleportation
 u - a scroll of identify
 w - a scroll of enchant armour
 y - a scroll of blinking
 B - a scroll of silence
 C - a scroll of butterflies {unknown}
 D - a scroll of brand weapon
Potions
 h - 2 potions of magic
 j - 2 potions of haste {unknown}
 l - a potion of curing
 m - 2 potions of attraction
 n - a potion of flight
 o - 3 potions of lignification
 r - a potion of might {unknown}
 t - a potion of resistance
 z - a potion of brilliance {unknown}


   Skills:
 + Level 7.5 Fighting
 + Level 7.1 Polearms
 - Level 1.7 Throwing
 + Level 6.4 Armour
 + Level 7.1 Dodging


You had 8 spell levels left.
You didn't know any spells.
Your spell library contained the following spells:

 Spells                   Type           Power      Damage    Failure   Level
 Magic Dart               Conj           0%         1d3       41%         1
 Slow                     Hex            0%         N/A       41%         1
 Call Imp                 Summ           0%         N/A       56%         2
 Confusing Touch          Hex            0%         N/A       80%         3
 Mephitic Cloud           Conj/Pois/Air  0%         N/A       80%         3
 Vampiric Draining        Necr           0%         2d6       80%         3


Dungeon Overview and Level Annotations

Branches:
Dungeon (8/15)             Temple (1/1) D:7
   Lair: D:8-11

Altars:
Ashenzari
Cheibriados
Dithmenos
Fedhas
Gozag
Hepliaklqana
Kikubaaqudgha
Makhleb
Nemelex Xobeh
Okawaru
Qazlal
Ru
Sif Muna
Trog
Uskayaw
Vehumet
Wu Jian
Xom
Yredelemnul

Shops:
D:6 :   D:7 ?

Annotations:
D:7 2 transporters


Innate Abilities, Weirdness & Mutations

You have a pair of horns on your head.
You are completely covered in large bone plates. (SH +8)
A meltable shield of frost defends you. (SH +0)
Spells you cast may paralyse adjacent enemies.


Message History

The wight hits you with a +4 long sword!
Reach: a) +1 trident (drain)
Press: ? - help, Dir - move target, f/p - orc priest
Aim: an orc priest, wielding a +0 morningstar and wearing a +0 robe (severely wounded, heavily drained, about 34% to evade your +1 trident of draining)
You reach to attack!
You hit the orc priest but do no damage.
The orc priest is severely wounded.
The wight hits you with a +4 long sword!
* * * LOW HITPOINT WARNING * * *
You feel drained.
* * * LOW HITPOINT WARNING * * *
Reach: a) +1 trident (drain)
Press: ? - help, Dir - move target, f/p - orc priest
Aim: an orc priest, wielding a +0 morningstar and wearing a +0 robe (severely wounded, heavily drained, about 34% to evade your +1 trident of draining)
You reach to attack!
You puncture the orc priest!
You kill the orc priest!
You block the shadow imp's attack. The wight completely misses you.
You closely miss the shadow imp. You headbutt the shadow imp.
The shadow imp is moderately wounded.
You block the shadow imp's attack. The wight completely misses you.
You barely miss the shadow imp.
The shadow imp is moderately wounded.
The shadow imp barely misses you. The wight completely misses you.
You hit the shadow imp. Your headbutt misses the shadow imp.
The shadow imp is moderately wounded.
You block the shadow imp's attack. The wight closely misses you.
You puncture the shadow imp!
You kill the shadow imp!
Your life force feels restored.
You hit the wight but do no damage. You headbutt the wight.
The wight is severely damaged.
The wight hits you with a +4 long sword.
* * * LOW HITPOINT WARNING * * *
You feel drained.
* * * LOW HITPOINT WARNING * * *
Okay, then.
As you read the scroll of teleportation, it crumbles to dust.
You feel strangely unstable.
The wight hits you with a +4 long sword!
You die...

# ############### #.
#.....##......##..
#.....'z......#z..
#.....#....z......
#zo...#.......#oo. #####
#z##..#####'####..
##...####@##..###....## #.
#..........'..........# #
#..........#..........###
#..........#..........#.##
#......>...#.......[..#..#
#.....###.###.........#..#
#######.####.....##.####..##..#
##....##.###.8...8.######..##..#
#........#.#.......#...#........


You could see 2 wights and an orc.

Vanquished Creatures
  A hornet (D:7)
  A wyvern (D:7)
  Menkaure (D:6)
  Duvessa (D:5)
  3 black bears
  An orc warrior (D:6)
  3 ice beasts
  A sky beast (D:8)
  3 ogres (D:5)
  2 centaurs
  A phantom (D:5)
  3 bullfrogs
  A scorpion (D:2)
  A gnoll sergeant (D:7)
  Dowan (D:5)
  5 wights
  8 killer bees
  3 howler monkeys (D:8)
  3 jellies
  3 hounds
  8 orc priests
  3 sleepcaps
  7 orc wizards
  5 iguanas
  4 gnolls (D:7)
  9 adders
  2 shadow imps
  An ufetubus (D:7)
  3 worms
  2 dart slugs
  19 orcs
  10 ball pythons
  7 bats
  9 endoplasms
  2 giant cockroaches
  9 goblins
  7 hobgoblins
  9 jackals
  2 quokkas
  3 frilled lizards
  4 kobolds
  6 rats
177 creatures vanquished.

Notes
Turn   | Place    | Note
-------+----------+-------------------------------------------
     0 | D:1      | Demosthentine the Demonspawn Gladiator began the quest for
                  | the Orb.
     0 | D:1      | Reached XP level 1. HP: 16/16 MP: 1/1
   150 | D:1      | Gained mutation: You have a pair of small horns on your
                  | head. [demonic ancestry]
   150 | D:1      | Reached XP level 2. HP: 10/22 MP: 2/2
   561 | D:1      | Reached skill level 1 in Armour
   717 | D:2      | Gained mutation: You are partially covered in large bone
                  | plates. (SH +4) [demonic ancestry]
   717 | D:2      | Reached XP level 3. HP: 28/28 MP: 3/3
   767 | D:2      | Found an opulent altar of Gozag.
   806 | D:2      | Noticed a scorpion
   820 | D:2      | Killed a scorpion
   821 | D:2      | Gained mutation: You are mostly covered in large bone
                  | plates. (SH +6) [demonic ancestry]
   821 | D:2      | Reached XP level 4. HP: 19/34 MP: 4/4
  1736 | D:3      | Gained mutation: You have a pair of horns on your head.
                  | [demonic ancestry]
  1736 | D:3      | Reached XP level 5. HP: 38/41 MP: 5/5
  2480 | D:4      | Gained mutation: You are completely covered in large bone
                  | plates. (SH +8) [demonic ancestry]
  2480 | D:4      | Reached XP level 6. HP: 47/47 MP: 6/6
  2915 | D:4      | Found a burning altar of Makhleb.
  3087 | D:5      | Entered Level 5 of the Dungeon
  3142 | D:5      | Noticed an ice beast
  3151 | D:5      | Killed an ice beast
  3152 | D:5      | Gained mutation: A meltable shield of frost defends you.
                  | (SH +0) [demonic ancestry]
  3152 | D:5      | Reached XP level 7. HP: 54/54 MP: 7/7
  3414 | D:5      | Noticed Dowan
  3415 | D:5      | Noticed Duvessa
  3426 | D:5      | Killed Duvessa
  3427 | D:5      | Killed Dowan
  3610 | D:5      | Reached skill level 5 in Fighting
  3610 | D:5      | Reached skill level 5 in Polearms
  3610 | D:5      | Reached skill level 5 in Dodging
  3610 | D:5      | Reached XP level 8. HP: 57/62 MP: 8/8
  4550 | D:6      | You fall into a shaft and drop 2 floors!
  4559 | D:7      | Found Lewkariu's Magic Scroll Boutique.
  4726 | D:6      | Noticed Menkaure
  4734 | D:6      | Killed Menkaure
  4825 | D:6      | Reached skill level 5 in Armour
  5145 | D:6      | Gained mutation: Spells you cast may paralyse adjacent
                  | enemies. [demonic ancestry]
  5145 | D:6      | Reached XP level 9. HP: 69/69 MP: 9/9
  5336 | D:6      | Found Ethyb's Vocational Training.
  5618 | D:6      | Identified a scroll of acquirement
  5618 | D:6      | Acquired 1025 gold pieces
  5700 | D:7      | Found a staircase to the Ecumenical Temple.
  5745 | D:7      | Found a transporter.
  5748 | Temple   | Entered the Ecumenical Temple
  6053 | Temple   | Became a worshipper of Hepliaklqana the Forgotten
  6149 | D:7      | Found a stormy altar of Qazlal.
  6150 | D:7      | Found a shimmering blue altar of Sif Muna.
  6161 | D:7      | Found a burning altar of Makhleb.
  6165 | D:7      | Found a blossoming altar of Fedhas.
  6167 | D:7      | Found a sparkling altar of Nemelex Xobeh.
  6167 | D:7      | Found a sacrificial altar of Ru.
  6168 | D:7      | Found a bloodstained altar of Trog.
  6170 | D:7      | Found a shimmering altar of Xom.
  6175 | D:7      | Found a shadowy altar of Dithmenos.
  6648 | D:7      | Found a transporter.
  6687 | D:7      | Bought a scroll of acquirement for 624 gold pieces
  6688 | D:7      | Acquired 829 gold pieces
  6691 | D:7      | Bought a scroll of identify for 24 gold pieces
  6691 | D:7      | Bought a scroll of enchant armour for 90 gold pieces
  6691 | D:7      | Bought a scroll of blinking for 90 gold pieces
  6691 | D:7      | Bought a scroll of silence for 114 gold pieces
  7030 | D:8      | Found an opulent altar of Gozag.
  7252 | D:8      | Slain by a wight

Illustrated notes

Levels and vault maps discovered:
D:1:      nzn_arrival_depleted_hourglass, layout_basic
D:2:      layout_rooms, basic_altar
D:3:      layout_basic, serial_aquarium, aquarium_bridge_square
          [aquarium_subvault_wall, aquarium_subvault_wall,
          aquarium_subvault_bridge, aquarium_subvault_bridge],
          aquarium_bridge_island_small [aquarium_subvault_small_open,
          aquarium_subvault_wall, aquarium_subvault_window,
          aquarium_subvault_bridge, aquarium_subvault_wall],
          aquarium_window_corridor_2, aquarium_window_corner,
          aquarium_window_fake, aquarium_window_1, aquarium_view_4,
          aquarium_pool_1, minmay_parallelograms, nrook_mini_vaults,
          kennysheep_crisscross, kennysheep_small_spiral
D:4:      layout_cave_pools, minmay_misc_feat_iff, minmay_ruined_shrine
D:5:      layout_loops_corners, grunt_ministairs_11, feat_on_display,
          uniq_duvessa
D:6:      cheibrodos_quashed, layout_loops_ring, nicolae_shop_vocational,
          uniq_menkaure
D:7:      gammafunk_cloud_chamber, layout_loops_cross,
          nicolae_overflow_hallway_of_the_gods, minmay_temple_entry_butterflies,
          serial_shops, shop_fountains
D:8:      layout_gridville, grunt_gozag_statues, nicolae_figureground_pulse
Temple:   dpeg_chambers_temple

Skill      XL: |  1  2  3  4  5  6  7  8  9 |
---------------+----------------------------+-----
Polearms       | 3 4 5 6 7 |  7.1
Armour         | 1 2 3 4 5 6 |  6.4
Dodging        | 3 4 5 6 7 |  7.1
Fighting       | 3 4 5 6 7 |  7.5
Throwing       | |  1.7

Action                     |  1- 3 |  4- 6 |  7- 9 || total
---------------------------+-------+-------+-------++-------
  Melee: Trident           |   105 |   141 |   352 ||   598
         Punch             |     1 |     2 |     5 ||     8
         Headbutt          |    11 |    21 |    63 ||    95
  Throw: Throwing net      |     1 |     2 |     1 ||     4
    Use: Scroll            |     3 |     9 |    10 ||    22
         Potion            |     1 |       |     2 ||     3
   Stab: Sleeping          |     5 |     1 |     2 ||     8
         Held in net/web   |       |     1 |       ||     1
         Invisible         |       |       |     3 ||     3
         Distracted        |       |       |     1 ||     1
 Armour: Leather armour    |    25 |    11 |    28 ||    64
  Dodge: Dodged            |    62 |    79 |   170 ||   311
  Block: Other             |     6 |    51 |   154 ||   211

Table legend: (Time is in decaauts)
 A = Elapsed time spent in this place.
 B = Non-inter-level travel time spent in this place.
 C = Inter-level travel time spent in this place.
 D = Time resting spent in this place.
 E = Time spent auto-exploring this place.
 F = Levels seen in this place.
 G = Mean time per level.
                   A        B        C        D        E       F      G
               +--------+--------+--------+--------+--------+-----+--------+
         Total |   7290 |   7070 |    220 |    388 |   5382 |   9 |  810.0 |
       Dungeon |   7036 |   6818 |    218 |    388 |   5191 |   8 |  879.5 |
        Temple |    253 |    252 |      1 |      0 |    191 |   1 |  253.0 |
               +--------+--------+--------+--------+--------+-----+--------+

Top non-repeatable levels by time:
     D:5: 1463 daAuts
     D:6: 1067 daAuts
     D:3: 1042 daAuts
     D:7: 917 daAuts
     D:4: 711 daAuts
     D:1: 689 daAuts
     D:2: 673 daAuts
     D:8: 470 daAuts
  Temple: 253 daAuts
